 Dungeon Crawl Stone Soup version 0.27-a0-1188-g73eefd5def (webtiles) character file.

Game seed: 9027924783638959933

24709 experimilk the Geomancer (level 13, -9/64 HPs)
             Began as a Gargoyle Earth Elementalist on May 22, 2021.
             Was a Priest of Sif Muna.
             Mangled by a large abomination (21 damage)
             ... on level 3 of the Abyss.
             The game lasted 00:57:33 (20287 turns).

experimilk the Geomancer (GrEE)                    Turns: 20287, Time: 00:57:34

Health: -9/64      AC: 25    Str:  9    XL:     13   Next: 14%
Magic:  21/21      EV:  8    Int: 20    God:    Sif Muna [***...]
Gold:   808        SH:  0    Dex:  6    Spells: 13/32 levels left

rFire    . . .     SeeInvis .   E - +5 battleaxe (spect)
rCold    . . .     Faith    .   (shield currently unavailable)
rNeg     + . .     Spirit   .   K - +0 scale mail
rPois    ∞         Reflect  .   (no helmet)
rElec    +         Harm     .   S - +0 cloak
rCorr    .         Rampage  .   (no gloves)
Will     .....     Rnd*Rage +   l - +2 pair of boots
Stlth    ..........             e - amulet of magic regeneration
HPRegen  0.20/turn              n - ring of wizardry
MPRegen  0.42/turn              B - +4 ring of protection

@: about to teleport
A: sickness immunity, AC +9, negative energy resistance 1, electricity
resistance, torment resistance 1, petrification resistance, [berserk 3], [clumsy
2], [frail 2], [low mp 2], [weak 2], [no potion heal 1]
a: Renounce Religion, Channel Magic, Forget Spell


You were on level 3 of the Abyss.
You worshipped Sif Muna.
Sif Muna was most pleased with you.
You visited 2 branches of the dungeon, and saw 13 of its levels.
You visited the Abyss 1 time.
You also visited: Ossuary and Gauntlet.

You collected 1550 gold pieces.
You spent 742 gold pieces at shops.

Inventory:

Hand Weapons
 f - a +4 war axe of flaming
 E - a +5 spectral battleaxe (weapon)
Missiles
 b - 313 stones
 g - 3 throwing nets (quivered)
 D - 2 curare-tipped darts
Armour
 l - a +2 pair of boots (worn)
 z - a +0 leather armour
 C - a +0 ring mail
 K - a +0 scale mail (worn)
 S - a +0 cloak (worn)
Jewellery
 e - an amulet of magic regeneration (around neck)
 k - an amulet of faith
 n - a ring of wizardry (left hand)
 B - a +4 ring of protection (right hand)
 Q - an amulet of guardian spirit
 T - a ring of magical power
Wands
 d - a wand of acid (3)
 m - a wand of polymorph (9)
 s - a wand of paralysis (14)
 x - a wand of digging (8)
 G - a wand of iceblast (4)
 N - a wand of mindburst (17)
Scrolls
 p - a scroll of fog
 y - 2 scrolls of vulnerability
 I - a scroll of summoning
 P - a scroll of fear
Potions
 a - 3 potions of haste
 c - a potion of brilliance
 h - a potion of might
 j - 7 potions of cancellation
 o - 3 potions of curing
 t - 2 potions of mutation
 u - a potion of invisibility {unknown}
 v - 3 potions of attraction
 O - 2 potions of lignification
 R - a potion of ambrosia {unknown}
Miscellaneous
 M - a box of beasts


   Skills:
 - Level 9.0 Fighting
 * Level 4.9 Axes
 + Level 4.3 Armour
 - Level 3.0 Dodging
 - Level 2.1 Stealth
 - Level 10.4 Spellcasting
 - Level 5.7 Conjurations
 - Level 6.0 Transmutations
 * Level 13.6 Earth Magic
 + Level 4.4 Invocations


You had 13 spell levels left.
You knew the following spells:

 Your Spells              Type           Power      Damage    Failure   Level
a - Apportation           Tloc           20%        N/A       19%         1
b - Passwall              Tmut/Erth      40%        N/A       1%          2
c - Stone Arrow           Conj/Erth      98%        3d13      1%          3
d - Petrify               Tmut/Erth      49%        N/A       3%          4
e - Lee's Rapid Deconstr  Erth           30%        3d17*     1%          5
f - Corona                Hex            11%        N/A       19%         1
g - Swiftness             Air            10%        N/A       45%         3

Your spell library contained the following spells:

 Spells                   Type           Power      Damage    Failure   Level
 Sandblast                Erth           100%       2d20      1%          1
 Shock                    Conj/Air       84%        1d8       6%          1
 Static Discharge         Conj/Air       21%        N/A       9%          2
 Leda's Liquefaction      Hex/Erth       18%        N/A       12%         4
 Animate Skeleton         Necr           20%        N/A       19%         1
 Freeze                   Ice            40%        1d6       19%         1
 Summon Small Mammal      Summ           40%        N/A       19%         1
 Slow                     Hex            10%        N/A       26%         2
 Frozen Ramparts          Ice            20%        1d4       45%         3
 Inner Flame              Hex/Fire       10%        N/A       45%         3
 Ozocubu's Armour         Ice            10%        N/A       45%         3
 Portal Projectile        Hex/Tloc       20%        N/A       45%         3
 Hailstorm                Conj/Ice       21%        3d6       47%         4
 Lightning Bolt           Conj/Air       10%        1d23      82%         5
 Airstrike                Air            5%         N/A       86%         4
 Cause Fear               Hex            5%         N/A       86%         4
 Metabolic Englaciation   Hex/Ice        5%         N/A       99%         5


Dungeon Overview and Level Annotations

Branches:
Dungeon (12/15)            Temple (1/1) D:6            Lair (0/6) D:11
    Orc (0/2) D:10        Ossuary (visited)         Gauntlet (visited)

Altars:
Ashenzari
Cheibriados
Dithmenos
Elyvilon
Fedhas
Gozag
Hepliaklqana
Kikubaaqudgha
Makhleb
Nemelex Xobeh
Okawaru
Qazlal
Ru
Sif Muna
Trog
Uskayaw
Vehumet
Wu Jian
Xom
Yredelemnul
Zin
The Shining One

Shops:
D:7 =   D:10 *   D:12 *

Annotations:
D:3 3 runed translucent doors, porpoise's ghost, amateur DsFi Gauntlet 10 transporters, exclusion: orange crystal statue


Innate Abilities, Weirdness & Mutations

You are immune to sickness and miasma.
Your stone body is resilient. (AC +9)
You are immune to poison.
You resist negative energy. (rN+)
You are resistant to electric shocks. (rElec)
You are resistant to unholy torment.
You are immune to petrification.
[You have an uncontrollable temper.]
[You are very clumsy. (Dex -4)]
[You are very frail. (-20% HP)]
[Your magical capacity is very low. (-20% MP)]
[You are very weak. (Str -4)]
[Potions are less effective at restoring your health.]


Message History

The starspawn tentacle grabs you. The starspawn tentacle constricts you.
A starspawn tentacle comes into view.
You escape the starspawn tentacle's grasp.
The starspawn tentacle grabs you. The starspawn tentacle constricts you.
You hit the starspawn tentacle.
The starspawn tentacle is lightly damaged.
You slash the starspawn tentacle!
The starspawn tentacle loses its grip on you.
The tentacle pulls you backwards! The starspawn tentacle grabs you.
The starspawn tentacle constricts you.
The starspawn tentacle loses its grip on you.
The tentacle pulls you backwards!
A tentacled starspawn comes into view.
Tentacles burst from the starspawn's body! 2 starspawn tentacles come into view.
Okay, then.
An ancient zyme comes into view.
Tentacles burst from the starspawn's body! 2 starspawn tentacles come into view.
Okay, then.
A tentacle flies out from the starspawn's body!
A starspawn tentacle comes into view.
Found a corrupted altar of Lugonu.
A large abomination comes into view.
The large abomination hits you!!
There is a corrupted altar of Lugonu here.
The ancient zyme hits you. The ancient zyme closely misses you.
The large abomination hits you!
There is a corrupted altar of Lugonu here.
The large abomination hits you!!
* * * LOW HITPOINT WARNING * * *
Tentacles burst from the starspawn's body! 2 starspawn tentacles come into view.
Okay, then.
As you read the scroll of teleportation, it crumbles to dust.
You feel strangely unstable.
You feel the power of the Abyss delaying your translocation!
The large abomination barely misses you.
The large abomination hits you!!
You die...

#. .. .. ##. ##
..# .#..
#.#..##### #.
#@##.....#..#
#.#X##.#...#
...#x.#.....#
##..##.#..## ##
... ##.#..##.#.#
...#.#.#...#.#.#
#.#.... ##.#...#
..#..#.
.....##.# #.#
#......##


You could see an ancient zyme and a large abomination.

Vanquished Creatures
  A boulder beetle (D:12)
  A two-headed ogre (D:9)
  2 thrashing horrors (Abyss:3)
  A wretched star (Abyss:3)
  Pikel (D:6)
  5 deep elf zephyrmancers (D:11)
  3 deep elf pyromancers (D:11)
  A manticore (D:12)
  A cyclops (D:9)
  3 ugly things
  Psyche (D:7)
  A komodo dragon (D:11)
  3 trolls
  A wyvern (D:9)
  Eustachio (D:5)
  2 wraiths
  9 yaks
  A neqoxec (Abyss:3)
  2 vampire mosquitoes (D:11)
  3 orc warriors
  2 ice beasts
  3 ogres
  7 centaurs (D:11)
  A phantom (D:7)
  Blork the orc (D:5)
  6 kobold brigands
  3 bullfrogs
  A scorpion (D:5)
  3 elf zombies (Ossuary)
  3 gnoll sergeants
  2 water moccasin zombies (D:5)
  A water moccasin skeleton (D:7)
  4 small abominations (Abyss:3)
  6 killer bees (D:11)
  15 wights
  6 howler monkeys
  6 centaur zombies
  A centaur skeleton (D:4)
  2 hounds
  3 jellies
  A bullfrog skeleton (D:4)
  5 orc priests
  Ijyb (D:3)
  3 iguanas
  6 orc wizards
  A killer bee zombie (D:8)
  A hound zombie (Ossuary)
  A hound skeleton (D:4)
  3 mummies (Ossuary)
  2 howler monkey zombies
  8 gnolls
  10 adders
  A white imp (D:5)
  An ufetubus (D:4)
  An adder zombie (Ossuary)
  A dart slug (D:5)
  A worm (D:2)
  25 orcs
  11 ball pythons
  6 bats
  6 endoplasms
  6 giant cockroaches
  2 gnoll zombies (Ossuary)
  13 goblins
  10 hobgoblins
  4 jackals (D:5)
  5 quokkas
  2 frilled lizards
  A goblin zombie (Ossuary)
  7 hobgoblin zombies (Ossuary)
  4 jackal zombies (Ossuary)
  10 kobolds
  5 kobold zombies (Ossuary)
  2 orc zombies (Ossuary)
  3 quokka zombies (Ossuary)
  7 rats
  4 rat zombies (Ossuary)
299 creatures vanquished.

Vanquished Creatures (others)
  2 plants (D:10)
  10 starspawn tentacles (Abyss:3)
12 creatures vanquished.

Grand Total: 311 creatures vanquished

Notes
Turn   | Place    | Note
-------+----------+-------------------------------------------
     0 | D:1      | experimilk the Gargoyle Earth Elementalist began the quest
                  | for the Orb.
     0 | D:1      | Reached XP level 1. HP: 10/10 MP: 3/3
   405 | D:1      | Reached skill level 1 in Transmutations
   433 | D:1      | Reached XP level 2. HP: 15/15 MP: 3/5
   457 | D:1      | Learned a level 2 spell: Passwall
   546 | D:1      | Reached skill level 4 in Earth Magic
  1231 | D:1      | Reached XP level 3. HP: 19/19 MP: 3/6
  1363 | D:1      | Learned a level 3 spell: Stone Arrow
  2258 | D:2      | Reached XP level 4. HP: 24/24 MP: 7/7
  3095 | D:3      | Found a runed translucent gate.
  3095 | D:3      | Found a runed translucent gate.
  3095 | D:3      | Found a runed translucent gate.
  3096 | D:3      | Noticed porpoise's ghost (amateur DsFi)
  3403 | D:3      | Noticed a black bear
  3503 | D:3      | Reached skill level 1 in Conjurations
  3503 | D:3      | Reached skill level 5 in Earth Magic
  3673 | D:3      | Reached XP level 5. HP: 28/28 MP: 9/9
  3892 | D:3      | Noticed Ijyb
  3938 | D:3      | Killed Ijyb
  5351 | D:4      | Learned a level 4 spell: Petrify
  5670 | D:4      | Identified the +1 ring mail "Xoos" {+Inv rPois Will-
                  | Slay+4}
  5683 | D:4      | Reached skill level 6 in Earth Magic
  5683 | D:4      | Reached XP level 6. HP: 32/32 MP: 6/10
  7175 | D:5      | Entered Level 5 of the Dungeon
  7178 | D:5      | Noticed Eustachio
  7179 | D:5      | Reached skill level 1 in Fighting
  7218 | D:5      | Reached XP level 7. HP: 38/38 MP: 4/11
  7976 | D:5      | Noticed Blork the orc
  7981 | D:5      | Killed Blork the orc
  8560 | D:5      | Reached skill level 7 in Earth Magic
  8939 | D:5      | Killed Eustachio
  8940 | D:5      | Reached XP level 8. HP: 18/46 MP: 0/13
  9309 | D:6      | Noticed Pikel
  9315 | D:6      | Found a sand-covered staircase.
  9319 | Ossuary  | Entered an ossuary
  9543 | Ossuary  | Reached skill level 8 in Earth Magic
 10308 | D:6      | Reached skill level 9 in Earth Magic
 10330 | D:6      | Learned a level 5 spell: Lee's Rapid Deconstruction
 10507 | D:6      | Found a staircase to the Ecumenical Temple.
 10526 | Temple   | Entered the Ecumenical Temple
 11021 | Temple   | Became a worshipper of Sif Muna the Loreminder
 11771 | D:7      | Reached skill level 5 in Spellcasting
 11817 | D:7      | Reached XP level 9. HP: 50/50 MP: 7/16
 11868 | D:6      | Killed Pikel
 11869 | D:6      | Reached skill level 5 in Transmutations
 12668 | D:7      | Found Rooqouhu's Jewellery Emporium.
 13483 | D:8      | Noticed Psyche
 13494 | D:7      | Killed Psyche
 13495 | D:7      | Reached skill level 1 in Armour
 13786 | D:8      | Reached * piety under Sif Muna
 14357 | D:8      | Reached XP level 10. HP: 56/56 MP: 5/20
 14414 | D:8      | Reached skill level 10 in Earth Magic
 14926 | D:8      | Found a radiant altar of Vehumet.
 15348 | D:9      | Noticed a cyclops
 15361 | D:9      | Killed a cyclops
 15659 | D:9      | Noticed a two-headed ogre
 15682 | D:9      | Killed a two-headed ogre
 15683 | D:9      | Reached skill level 5 in Fighting
 16353 | D:10     | Entered Level 10 of the Dungeon
 16357 | D:10     | Reached skill level 11 in Earth Magic
 16730 | D:10     | Reached ** piety under Sif Muna
 17287 | D:10     | Reached XP level 11. HP: 58/64 MP: 23/23
 17564 | D:10     | Found Ioimog's Incredible Inventory.
 17575 | D:10     | Bought a scroll of identify for 22 gold pieces
 17883 | D:10     | Reached skill level 10 in Spellcasting
 17883 | D:10     | Reached skill level 5 in Conjurations
 17883 | D:10     | Reached skill level 12 in Earth Magic
 17883 | D:10     | Reached XP level 12. HP: 70/70 MP: 23/26
 17956 | D:10     | Reached skill level 1 in Axes
 17963 | D:10     | Reached skill level 1 in Invocations
 18255 | D:10     | Found a staircase to the Orcish Mines.
 18848 | D:11     | Found a staircase to the Lair.
 19179 | D:11     | Reached *** piety under Sif Muna
 19360 | D:11     | Learned a level 1 spell: Apportation
 19362 | D:11     | Learned a level 1 spell: Corona
 19366 | D:11     | Learned a level 3 spell: Swiftness
 19688 | D:12     | Reached skill level 13 in Earth Magic
 19818 | D:12     | Found Bisettoth's Assorted Antiques.
 19827 | D:12     | Bought 3 scrolls of enchant weapon for 720 gold pieces
 19866 | D:12     | Noticed a boulder beetle
 19878 | D:12     | Killed a boulder beetle
 19879 | D:12     | Reached XP level 13. HP: 74/80 MP: 11/27
 19916 | D:12     | Found a gate leading to a gauntlet.
 19923 | Gauntlet | Entered a Gauntlet
 19923 | Gauntlet | Found a transporter.
 19923 | Gauntlet | Found a transporter.
 19923 | Gauntlet | Found a transporter.
 19923 | Gauntlet | Found a transporter.
 19958 | Gauntlet | Found a transporter.
 19972 | Gauntlet | Found a transporter.
 19973 | Gauntlet | Found a transporter.
 19994 | Gauntlet | Found a transporter.
 20005 | Gauntlet | Found a transporter.
 20009 | Gauntlet | Found a transporter.
 20013 | Gauntlet | Found a transporter.
 20056 | Gauntlet | Cast into level 3 of the Abyss (a wizard)
 20056 | Abyss:3  | Found a corrupted altar of Lugonu.
 20137 | Abyss:3  | Identified a scroll of acquirement
 20137 | Abyss:3  | Acquired 714 gold pieces
 20168 | Abyss:3  | Noticed a starcursed mass
 20234 | Abyss:3  | Noticed a tentacled starspawn
 20251 | Abyss:3  | Noticed a tentacled starspawn
 20274 | Abyss:3  | Found a corrupted altar of Lugonu.
 20280 | Abyss:3  | Found a corrupted altar of Lugonu.
 20287 | Abyss:3  | Mangled by a large abomination

Illustrated notes

Levels and vault maps discovered:
D:1:      dpeg_arrival_tiny_b, layout_basic
D:2:      layout_basic
D:3:      kennysheep_the_goblin_king, layout_basic, gammafunk_ghost_necromancy
D:4:      layout_basic
D:5:      layout_loops_corners, uniq_blork_the_orc, uniq_eustachio
D:6:      layout_gridville, minmay_temple_entry_gardened_gates, enter_ossuary_5,
          uniq_pikel
D:7:      layout_basic, minmay_shop_grid_forest
D:8:      layout_rooms, kennysheep_little_box, st_stairs_1, uniq_psyche
D:9:      layout_cave_pools
D:10:     layout_loops_ring, kennysheep_orc_monster_closet_entryway,
          nicolae_alphabet_shops, serial_bayou_pond_e, minivault_10,
          minivault_21, ebering_dispersal_statue_hall, centaur_isle
D:11:     layout_rooms, lair_entry_dummy, elves_outpost_lemuel
D:12:     layout_irregular_city, gauntlet_entry_generic, serial_shops, shop,
          gammafunk_ghost_spectres
Temple:   nicolae_temple_the_god_donut
Abyss:3:  base: D:7, hangedman_summoners_spam,
          evilmike_nicolae_abyss_rune_betentacled_crabyss,
          hangedman_abyss_rune_macabre_mess, nicolae_abyss_rune_star_stuff
Gauntlet: gammafunk_gauntlet_hard_choice [nicolae_gauntlet_arena_t_cross,
          nicolae_gauntlet_arena_flowing_pool, nicolae_gauntlet_arena_grate_2,
          gammafunk_gauntlet_arena_split_x, gammafunk_gauntlet_arena_spirals,
          gammafunk_gauntlet_arena_chambers,
          nicolae_gauntlet_exit_dead_adventurers]

Skill      XL: |  1  2  3  4  5  6  7  8  9 10 11 12 13 |
---------------+----------------------------------------+-----
Transmutations | 1 2 3 4 6 |  6.0
Earth Magic    | 4 5 6 7 9 11 12 13 | 13.6
Conjurations   | 1 2 3 5 |  5.7
Spellcasting   | 3 5 6 8 10 | 10.4
Fighting       | 1 3 5 6 9 |  9.0
Armour         | 2 3 4 |  4.3
Axes           | 4 |  4.9
Dodging        | 3 |  3.0
Invocations    | 3 4 |  4.4
Stealth        | |  2.1

Action                   |  1- 3 |  4- 6 |  7- 9 | 10-12 | 13-15 || total
-------------------------+-------+-------+-------+-------+-------++-------
Melee: War axe           |    51 |    70 |    85 |     7 |       ||   213
       Battleaxe         |       |       |       |    81 |    13 ||    94
 Cast: Sandblast         |    29 |    32 |     1 |     6 |       ||    68
       Stone Arrow       |       |    23 |   119 |   136 |    13 ||   291
       Passwall          |       |       |     1 |       |       ||     1
       Lee's Rapid Decon |       |       |    17 |    38 |     5 ||    60
       Petrify           |       |       |     2 |     3 |       ||     5
Invok: Forget Spell      |       |       |       |     1 |       ||     1
Evoke: Wand              |       |       |     1 |       |       ||     1
  Use: Scroll            |       |     7 |     9 |     5 |    15 ||    36
       Potion            |       |       |       |     2 |       ||     2
 Stab: Sleeping          |     1 |     5 |       |       |       ||     6
       Distracted        |       |     1 |       |       |       ||     1
       Petrified         |       |       |     5 |     8 |       ||    13
Armor: Robe              |    35 |    47 |    53 |       |       ||   135
       Ring mail         |       |       |    25 |     8 |       ||    33
       Leather armour    |       |       |    11 |       |       ||    11
       Scale mail        |       |       |       |   155 |    18 ||   173
Dodge: Dodged            |    41 |    63 |   103 |   107 |     8 ||   322

Table legend: (Time is in decaauts)
 A = Elapsed time spent in this place.
 B = Non-inter-level travel time spent in this place.
 C = Inter-level travel time spent in this place.
 D = Time resting spent in this place.
 E = Time spent auto-exploring this place.
 F = Levels seen in this place.
 G = Mean time per level.
                   A        B        C        D        E       F      G
               +--------+--------+--------+--------+--------+-----+--------+
         Total |  20456 |  19923 |    533 |  10024 |   4541 |  16 | 1278.5 |
       Dungeon |  18872 |  18339 |    533 |   9619 |   4283 |  12 | 1572.7 |
        Temple |    546 |    546 |      0 |      0 |    258 |   1 |  546.0 |
         Abyss |    236 |    236 |      0 |     44 |      0 |   1 |  236.0 |
       Ossuary |    667 |    667 |      0 |    361 |      0 |   1 |  667.0 |
      Gauntlet |    132 |    132 |      0 |      0 |      0 |   1 |  132.0 |
               +--------+--------+--------+--------+--------+-----+--------+

Top non-repeatable levels by time:
     D:4: 2898 daAuts
     D:7: 1862 daAuts
     D:5: 1718 daAuts
     D:1: 1693 daAuts
     D:6: 1674 daAuts
     D:3: 1670 daAuts
     D:9: 1634 daAuts
    D:10: 1619 daAuts
     D:2: 1293 daAuts
    D:11: 1257 daAuts
     D:8: 1237 daAuts
 Ossuary: 667 daAuts
  Temple: 546 daAuts
    D:12: 311 daAuts
 Abyss:3: 236 daAuts
